 Dungeon Crawl Stone Soup version 0.31.0-32-g396128a36d (webtiles) character file.

Game seed: 12990625312042857308

153 AarnesTheHuman the Chopper (level 5, -5/46 HPs)
             Began as a Minotaur Berserker on Apr 19, 2024.
             Was a Priest of Trog.
             Killed by nerve-wracking pain
             ... invoked by an orc priest
              (14 damage)
             ... on level 4 of the Dungeon.
             The game lasted 00:03:58 (3274 turns).

AarnesTheHuman the Chopper (Minotaur Berserker)     Turns: 3274, Time: 00:03:58

Health: -5/46      AC:  4    Str: 23    XL:     5   Next: 12%
Magic:  4/4        EV: 12    Int:  4    God:    Trog [***...]
Gold:   766        SH:  0    Dex: 10    Spells: 4/4 levels left

rFire   . . .        a - +1 hand axe
rCold   . . .        (no shield)
rNeg    . . .        m - +0 animal skin
rPois   .            (helmet restricted)
rElec   .            k - +0 cloak
rCorr   .            (no gloves)
SInv    .            e - +0 pair of boots
Will    .....        (no amulet)
Stlth   +            (no ring)
HPRegen 0.27/turn    (no ring)
MPRegen 0.09/turn

%: no passive effects
@: no status effects
A: horns 2, retaliatory headbutt
a: Renounce Religion, Berserk, Trog's Hand


You were on level 4 of the Dungeon.
You worshipped Trog.
Trog was most pleased with you.
You visited 1 branch of the dungeon, and saw 4 of its levels.

You collected 1172 gold pieces.
You spent 406 gold pieces at shops.

Inventory:

Hand Weapons
 a - a +1 hand axe (weapon)
 b - a +0 shortbow of freezing
 n - the +0 long sword of Intimidation {freeze, rF+ Str+5 Dex+2 Stlth-}
   (You bought it in a shop on level 4 of the Dungeon)

   Str+5:     It affects your strength (+5).
   Dex+2:     It affects your dexterity (+2).
   rF+:       It protects you from fire.
   Stlth-:    It makes you less stealthy.
Missiles
 f - 25 stones
Armour
 e - a +0 pair of boots (worn)
 k - a +0 cloak (worn)
 m - a +0 animal skin (worn)
Jewellery
 l - a ring of flight
Wands
 o - a wand of mindburst (14)
Scrolls
 g - a scroll of teleportation
 h - a scroll of enchant weapon
Potions
 c - 2 potions of brilliance {unknown}
 d - 2 potions of curing {unknown}
 i - a potion of enlightenment {unknown}
 j - a potion of resistance {unknown}


   Skills:
 + Level 4.0 Fighting
 + Level 6.2 Axes
 + Level 0.3 Ranged Weapons
 + Level 3.0 Armour
 + Level 2.6 Dodging


You had 4 spell levels left.
You didn't know any spells.
Your spell library was empty.

Dungeon Overview and Level Annotations

Branches:
Dungeon (4/15)             Temple (0/1) D:4

Altars:
Nemelex Xobeh
Ru

Shops:
D:4 (

Annotations:
D:3 1 runed translucent door, exclusion: door, Crazy Yiuf


Innate Abilities, Weirdness & Mutations

You have a pair of horns on your head.
You reflexively headbutt those who attack you in melee.


Message History

You shoot an arrow.
The arrow hits the orc but does no damage.
The orc is severely wounded.
The orc hits you with a +0 dagger.
An orc priest comes into view. It is wielding a +0 mace.
You shoot an arrow.
The arrow hits the orc but does no damage.
The orc is severely wounded.
The orc hits you but does no damage. The orc barely misses you.
You furiously retaliate!
You headbutt the orc.
You kill the orc!
Trog accepts your kill.
You shoot an arrow.
The arrow hits the orc but does no damage.
The orc hits you with a +0 short sword.
You shoot an arrow. The arrow hits the orc.
The arrow freezes the orc.
The orc is moderately wounded.
The orc hits you with a +0 short sword. The orc priest closely misses you.
You shoot an arrow.
The arrow hits the orc but does no damage.
The orc is lightly wounded.
The orc hits you but does no damage.
The orc priest calls down the wrath of Beogh upon you.
Beogh smites you!
You are too injured to fight recklessly!
Your +0 shortbow of freezing stops glowing.
a - a +1 hand axe (weapon)
The orc completely misses you. The orc priest hits you with a +0 mace.
You closely miss the orc priest. Your headbutt misses the orc priest.
You hit the orc. The orc priest closely misses you.
The orc hits you with a +0 short sword.
You barely miss the orc priest. Your headbutt misses the orc priest.
You closely miss the orc. The orc hits you but does no damage.
The orc priest mumbles some strange prayers to Beogh against you.
Pain shoots through your body!
* * * LOW HITPOINT WARNING * * *
You closely miss the orc priest. You closely miss the orc.
The orc priest invokes the aid of Beogh against you.
Pain shoots through your body!
You die...

#.......# ##'###.###
####.#### ##...##....
##.# ##.....#####
##..# ##.......##
##...####.........###
#....:..+.........+..
##...####.........###
##..# ##.......##
##@# ##.....## #
#...oo# ##...## #
#.##### ##'## # #.# #
#.##### # ##.....# #
##..###.###
#.####...# #....
.^.......###.###


You could see an orc priest and an orc.

Vanquished Creatures
  A sleepcap (D:4)
  4 adders
  5 dart slugs
  5 orcs
  7 endoplasms
  A giant cockroach (D:3)
  7 goblins
  3 hobgoblins
  6 jackals
  4 quokkas (D:1)
  7 ball pythons
  3 bats
  3 frilled lizards
  12 kobolds
  4 rats
72 creatures vanquished.

Notes
Turn   | Place    | Note
-------+----------+-------------------------------------------
     0 | D:1      | AarnesTheHuman the Minotaur Berserker began the quest for
                  | the Orb.
     0 | D:1      | Reached XP level 1. HP: 19/19 MP: 0/0
    30 | D:1      | Reached skill level 4 in Axes
    84 | D:1      | Reached XP level 2. HP: 22/26 MP: 1/1
   457 | D:1      | Reached skill level 5 in Axes
   549 | D:1      | Reached XP level 3. HP: 31/31 MP: 2/2
   589 | D:1      | Reached ** piety under Trog
  1329 | D:2      | Reached skill level 6 in Axes
  1329 | D:2      | Reached XP level 4. HP: 33/39 MP: 3/3
  1690 | D:3      | Identified a scroll of acquirement
  1690 | D:3      | Acquired 1035 gold pieces
  1850 | D:3      | Found a sparkling altar of Nemelex Xobeh.
  2086 | D:3      | Found a sacrificial altar of Ru.
  2152 | D:3      | Found a runed translucent door.
  2153 | D:3      | Noticed Crazy Yiuf
  2884 | D:4      | Found a staircase to the Ecumenical Temple.
  2978 | D:4      | Reached XP level 5. HP: 17/46 MP: 4/4
  3086 | D:4      | Found Buxab's Antique Weapon Shoppe.
  3092 | D:4      | Bought a twisted long sword for 238 gold pieces
  3092 | D:4      | Identified the +0 long sword of Intimidation {freeze, rF+
                  | Str+5 Dex+2 Stlth-} (You bought it in a shop on level 4 of
                  | the Dungeon)
  3097 | D:4      | Bought a runed shortbow for 168 gold pieces
  3264 | D:4      | Reached *** piety under Trog
  3274 | D:4      | Killed from afar by an orc priest

Illustrated notes

Levels and vault maps discovered:
D:1:      erik_arrival_triangle_small, layout_loops_cross
D:2:      layout_loops_cross
D:3:      layout_basic, nemelex_diamond_rough_becter,
          nicolae_overflow_crystal_walls, reono_crystal_passage,
          uniq_crazy_yiuf_cottage
D:4:      layout_loops_corners, nicolae_uskayaw_en_pointe,
          mainiacjoe_overflow_brackets, minmay_temple_entry_junction,
          serial_shops, shop

Skill      XL: |  1  2  3  4 |
---------------+-------------+-----
Axes           | 4 5 6 |  6.2
Fighting       | 4 |  4.0
Armour         | 3 |  3.0
Ranged Weapons | |  0.3
Dodging        | |  2.6

Action                     |  1- 3 |  4- 6 || total
---------------------------+-------+-------++-------
  Melee: Hand axe          |    95 |    44 ||   139
         Headbutt          |     9 |     7 ||    16
         Punch             |     1 |       ||     1
   Fire: Shortbow          |       |    22 ||    22
  Throw: Stone             |       |     4 ||     4
    Use: Scroll            |       |     3 ||     3
 Armour: Animal skin       |    48 |    38 ||    86
  Dodge: Dodged            |    63 |    30 ||    93
